[Event "Team 45 45 League T33"]
[Site "Internet Chess Club"]
[Date "2007.05.20"]
[Round "5"]
[White "jorobo"]
[Black "OOOoooOOO"]
[Result "0-1"]
[WhiteElo "2156"]
[BlackElo "2148"]
[ECO "B08"]
[TimeControl "2700+45"]

1. e4 d6 2. d4 Nf6 3. Nc3 g6 4. Nf3 Bg7 5. h3 c5 6. dxc5 Qa5 7. Bd3 Qxc5 8. O-O
Nc6 9. Be3 Qa5 10. a3 O-O 11. Re1 Bd7 12. Qd2 Rac8 13. Bh6 Rfd8 14. Bxg7 Kxg7
15. Rad1 h6 16. Qe3 Be6 17. Ne2 b5 18. Nf4 Bc4 19. e5 dxe5 20. Nxe5 Nxe5 21.
Qxe5 Qc7 22. Nxg6 fxg6 23. Qxe7+ Qxe7 24. Rxe7+ Kf8 25. Rxa7 Bxd3 26. cxd3 Rd7
27. Ra6 Kf7 28. Rb6 Rc5 29. d4 Rcd5 30. Rc1 Ne4 31. Rcc6 R7d6 32. Rb7+ Kf6 33.
Rcc7 Rxd4 34. f3 Ng3 35. Rxb5 Rd1+ 36. Kf2 Nh1+ 37. Ke3 Re6+ 38. Kf4 Rd4# {White
checkmated} 0-1

[Event "Team 45 45 League T33"]
[Site "Internet Chess Club"]
[Date "2007.05.19"]
[Round "5"]
[White "martineden"]
[Black "RONENOSH9"]
[Result "1-0"]
[WhiteElo "1988"]
[BlackElo "2149"]
[ECO "A52"]
[TimeControl "2700+45"]

1. d4 Nf6 2. c4 e5 3. dxe5 Ng4 4. Nf3 Nc6 5. Bf4 Bb4+ 6. Nbd2 Qe7 7. e3 Ngxe5 8.
Nxe5 Nxe5 9. Be2 O-O 10. O-O d6 11. Nb3 Rd8 12. a3 Bc5 13. Nxc5 dxc5 14. Qc2 Ng6
15. Bg3 c6 16. Rfd1 Be6 17. b3 Qf6 18. Rxd8+ Rxd8 19. Rd1 h6 20. Rxd8+ Qxd8 21.
Qd3 Qf6 22. Bf1 Qb2 23. a4 b5 24. axb5 cxb5 25. cxb5 Bxb3 26. Qe4 Qa2 27. h4 h5
28. Qf5 c4 29. Qc8+ Kh7 30. Qc5 Qa1 31. Qxh5+ Kg8 32. Qd5 Ba2 33. h5 c3 34. Qd4
Qe1 35. hxg6 c2 36. Qd8# {Black checkmated} 1-0

[Event "Team 45 45 League T33"]
[Site "Internet Chess Club"]
[Date "2007.05.20"]
[Round "5"]
[White "chsrules88"]
[Black "chiiwen"]
[Result "1-0"]
[WhiteElo "2069"]
[BlackElo "1945"]
[ECO "B34"]
[TimeControl "2700+45"]

1. e4 c5 2. Nf3 g6 3. d4 cxd4 4. Nxd4 Nc6 5. Nc3 Bg7 6. Be3 Nf6 7. Be2 O-O 8.
O-O d5 9. exd5 Nxd5 10. Nxd5 Qxd5 11. Bf3 Qc4 12. b3 Qc3 13. Nxc6 bxc6 14. Qe2
Bf5 15. Rac1 e5 16. g4 Bd7 17. Rfd1 Rfd8 18. Rd3 Qa5 19. Rxd7 Rxd7 20. Bxc6 Rdd8
21. Bxa8 Rxa8 22. c4 f5 23. gxf5 gxf5 24. Rd1 f4 25. Rd5 Qc3 26. Bc5 f3 27. Qd1
e4 28. Rd8+ Rxd8 29. Qxd8+ Kf7 30. Qe7+ Kg6 31. Qxe4+ Kf7 32. Qf5+ Bf6 33. Qxh7+
Bg7 34. Qh5+ Kg8 35. Qd5+ Kh7 36. Qf5+ Kg8 37. h4 Qe1+ 38. Kh2 Be5+ 39. Kh3 Qh1+
40. Kg4 Qg2+ 41. Kh5 {Black resigns} 1-0

[Event "Team 45 45 League T33"]
[Site "Internet Chess Club"]
[Date "2007.05.16"]
[Round "5"]
[White "twinders"]
[Black "TrickyBishop"]
[Result "0-1"]
[WhiteElo "1631"]
[BlackElo "1653"]
[ECO "D38"]
[TimeControl "2700+45"]

1. d4 Nf6 2. c4 e6 3. Nc3 Bb4 4. Nf3 d5 5. Bg5 Be7 6. e3 c6 7. Bd3 Nbd7 8. O-O
O-O 9. Qc2 dxc4 10. Bxc4 b5 11. Bb3 a5 12. Qd3 Ba6 13. Ne2 a4 14. Bc2 b4 15. Qd2
c5 16. Rfd1 c4 17. Ne5 Nxe5 18. dxe5 Qxd2 19. Rxd2 Nd5 20. Bxe7 Nxe7 21. Nd4 b3
22. axb3 axb3 23. Be4 Ra7 24. Nb5 c3 25. Nxc3 Rc8 26. h4 Nd5 27. Nxd5 exd5 28.
Bxd5 Rc2 29. Rxc2 bxc2 30. Be4 Bd3 31. Rxa7 c1=Q+ 32. Kh2 Bxe4 33. b4 h6 34. b5
Qf1 35. b6 Qxg2# {White checkmated} 0-1

[Event "Team 45 45 League T33"]
[Site "Internet Chess Club"]
[Date "2007.05.17"]
[Round "5"]
[White "Theodulf"]
[Black "GolfSuper"]
[Result "1-0"]
[WhiteElo "1747"]
[BlackElo "1517"]
[ECO "B22"]
[TimeControl "2700+45"]

1. e4 c5 2. c3 d5 3. exd5 Qxd5 4. d4 Nc6 5. Nf3 Nf6 6. Be3 Bg4 7. Be2 e6 8. h3
Bf5 9. dxc5 Qxd1+ 10. Bxd1 Be7 11. Be2 O-O 12. Nh4 Be4 13. Nd2 Nd5 14. Nxe4 Nxe3
15. fxe3 Bxh4+ 16. g3 Be7 17. b4 Rfd8 18. Rd1 a6 19. Kf2 h6 20. a3 Kf8 21. Nd6
Bxd6 22. cxd6 Rd7 23. c4 Rad8 24. c5 f5 25. Rhf1 g5 26. h4 g4 27. e4 Kg7 28. Ke3
Rf8 29. exf5 exf5 30. Rf4 Re8+ 31. Kd2 Rf7 32. Rdf1 h5 33. Rxf5 Rxf5 34. Rxf5
Rxe2+ 35. Kxe2 Nd4+ 36. Kd3 Nxf5 37. d7 {Black resigns} 1-0

[Event "Team 45 45 League T33"]
[Site "Internet Chess Club"]
[Date "2007.05.21"]
[Round "5"]
[White "strudel"]
[Black "OldBoy"]
[Result "1/2-1/2"]
[WhiteElo "1417"]
[BlackElo "1590"]
[ECO "C42"]
[TimeControl "2700+45"]

1. e4 e5 2. Nf3 Nf6 3. Nxe5 d6 4. Nf3 Nxe4 5. Qe2 Qe7 6. d3 Nf6 7. Nc3 Nc6 8.
Bg5 Ne5 9. Ne4 Be6 10. Nxe5 dxe5 11. Nxf6+ gxf6 12. Bd2 O-O-O 13. g3 Qd7 14. a3
h5 15. h4 Kb8 16. O-O-O Bg7 17. Bg2 Bd5 18. Rhg1 Bxg2 19. Rxg2 Qd5 20. Rgg1 Qa2
21. Be3 e4 22. d4 Qa1+ 23. Kd2 Qxb2 24. Qc4 Bh6 25. Ke2 Bxe3 26. fxe3 Qxa3 27.
Qxf7 Qd6 28. Qb3 Rhg8 29. Rb1 b6 30. Kf2 Rg7 31. Rg2 Qd5 32. Qxd5 Rxd5 33. Rbg1
f5 34. c4 Ra5 35. Re1 c6 36. Rc1 Kc7 37. Rgg1 Ra2+ 38. Kf1 c5 39. d5 Kd6 40. Rg2
Rxg2 41. Kxg2 Rb7 42. Rd1 b5 43. cxb5 Rxb5 44. g4 fxg4 45. Kg3 a5 46. Kf4 Rb4
47. Kg5 Rb3 48. Kxh5 Rd3 49. Re1 g3 50. Kg4 g2 51. Rg1 Rxd5 52. Rxg2 Re5 53. h5
Re8 54. Kf5 Rh8 55. Rd2+ Kc6 56. Kg6 a4 57. h6 Kb5 58. h7 a3 59. Kg7 Rxh7+ 60.
Kxh7 Kb4 61. Kg6 Kb3 62. Kf5 a2 63. Rxa2 Kxa2 64. Kxe4 Kb3 65. Kd3 c4+ 66. Kd2
c3+ 67. Kc1 c2 68. e4 Kc4 {Game drawn by mutual agreement} 1/2-1/2

[Event "Team 45 45 League T33"]
[Site "Internet Chess Club"]
[Date "2007.05.19"]
[Round "5"]
[White "Invicta-Knight"]
[Black "PawnSensei"]
[Result "0-1"]
[WhiteElo "1531"]
[BlackElo "1494"]
[ECO "C30"]
[TimeControl "2700+45"]

1. e4 e5 2. f4 Bc5 3. Nf3 d6 4. Nc3 Nf6 5. Bc4 O-O 6. fxe5 dxe5 7. Nxe5 Qd4 8.
Nd3 Qxc4 9. Nxc5 Bg4 10. Ne2 Qxc5 11. h3 Bxe2 12. Qxe2 Qxc2 13. d3 Qxe2+ 14.
Kxe2 c5 15. Be3 b6 16. Rac1 Nc6 17. a3 Nd4+ 18. Kf2 Nd7 19. Rhd1 f5 {White
resigns} 0-1

[Event "Team 45 45 League T33"]
[Site "Internet Chess Club"]
[Date "2007.05.20"]
[Round "5"]
[White "parrot9"]
[Black "clarnibass"]
[Result "1/2-1/2"]
[WhiteElo "1653"]
[BlackElo "1727"]
[ECO "B44"]
[TimeControl "2700+45"]

1. e4 e6 2. d4 c5 3. Nf3 cxd4 4. Nxd4 Nc6 5. c3 Nf6 6. Bd3 d5 7. Nxc6 bxc6 8. e5
Nd7 9. f4 Bc5 10. Qf3 a5 11. Qg3 g6 12. Nd2 Be7 13. O-O O-O 14. Nf3 Qb6+ 15. Kh1
Nc5 16. Bc2 Ba6 17. Rd1 Rab8 18. h4 Qd8 19. h5 Qe8 20. f5 exf5 21. Bh6 Ne4 22.
Bxe4 fxe4 23. Nd4 Rxb2 24. Bxf8 Bxf8 25. hxg6 fxg6 26. e6 Bc8 27. Rdb1 Rxb1+ 28.
Rxb1 c5 29. Nf5 Bxe6 30. Qe5 gxf5 31. Rb7 Qh5+ 32. Kg1 Qd1+ 33. Kh2 Qh5+ 34. Kg1
Bf7 35. Qg3+ Qg4 36. Qc7 Qd1+ 37. Kh2 Qh5+ 38. Kg1 {Game drawn by mutual
agreement} 1/2-1/2

[Event "Team 45 45 League T33"]
[Site "Internet Chess Club"]
[Date "2007.05.27"]
[Round "5"]
[White "Pierrekurdy"]
[Black "Mikey29a"]
[Result "0-1"]
[WhiteElo "1624"]
[BlackElo "1629"]
[ECO "A05"]
[TimeControl "2700+45"]

1. Nf3 Nf6 2. c4 g6 3. b4 d6 4. Bb2 Bg7 5. e3 O-O 6. Be2 e5 7. d3 Nfd7 8. e4 f5
9. Qc2 f4 10. O-O g5 11. h3 h5 12. Nh2 Nf6 13. Nd2 g4 14. hxg4 hxg4 15. Qd1 g3
16. fxg3 fxg3 17. Ng4 Nxg4 18. Rxf8+ Bxf8 19. Bxg4 Qh4 20. Bh3 Bxh3 21. gxh3
Qxh3 22. Nf3 Bh6 23. Qe2 Nc6 24. Re1 Nxb4 25. a3 Nc6 26. Qg2 Qxg2+ 27. Kxg2 Bf4
28. d4 Nxd4 29. Bxd4 exd4 30. Nxd4 Be5 31. Nf5 Kf7 32. Rf1 Ke6 33. a4 Rh8 34.
Nxg3 Rg8 35. Rf3 Rxg3+ 36. Rxg3 Bxg3 37. Kxg3 Ke5 38. Kf3 Kd4 39. a5 Kxc4 40. a6
b5 41. Ke3 Kc3 42. e5 dxe5 43. Ke4 b4 44. Kd5 b3 45. Kc6 b2 46. Kb7 b1=Q+ 47.
Kxa7 Qb6+ 48. Ka8 Qxa6+ 49. Kb8 Kc4 50. Kxc7 Kc5 51. Kd8 Qb7 52. Ke8 Qc7 53. Kf8
Qd7 54. Kg8 Qe7 55. Kh8 Kd6 56. Kg8 Ke6 57. Kh8 Kf6 58. Kg8 e4 59. Kh8 e3 60.
Kg8 Qg7# {White checkmated} 0-1

[Event "Team 45 45 League T33"]
[Site "Internet Chess Club"]
[Date "2007.05.20"]
[Round "5"]
[White "Hastings"]
[Black "Lyko"]
[Result "0-1"]
[WhiteElo "1242"]
[BlackElo "1513"]
[ECO "B23"]
[TimeControl "2700+45"]

1. e4 c5 2. Nc3 d6 3. d4 cxd4 4. Qxd4 Nc6 5. Qe3 Nf6 6. Nf3 h6 7. Bc4 Ne5 8.
Nxe5 dxe5 9. O-O Qd4 10. Qxd4 exd4 11. Nb5 Kd8 12. e5 Ne4 13. Nxd4 e6 14. Rd1
Bd7 15. f3 Nc5 16. Be3 a6 17. Nb3 Rc8 18. Na5 Kc7 19. Nb3 Nxb3 20. Bxb3 Bb5 21.
a4 Bc6 22. a5 Be7 23. Kh1 Kb8 24. Ba4 Bxa4 25. Rxa4 Rxc2 26. Rd7 Re8 27. b4 Re2
28. Bd4 Re1+ 29. Bg1 Bg5 30. Ra3 Rc8 31. Rxf7 Rcc1 32. Rf8+ Kc7 33. Rf7+ Kc6 34.
b5+ axb5 35. h4 Rxg1+ 36. Kh2 Bxh4 37. Rc3+ Kd5 38. g3 Rh1+ 39. Kg2 Rcg1+ 40.
Kf2 Bxg3+ 41. Ke2 Re1+ 42. Kd2 Rh2+ 43. Kd3 Rd1+ 44. Ke3 Bf2+ 45. Ke2 Re1+ 46.
Kd2 Bd4+ 47. Kxe1 Bxc3+ 48. Kd1 Kxe5 49. Rxb7 b4 50. Rxg7 Kf4 51. a6 Ke3 52. a7
Rh1+ 53. Kc2 Ra1 54. Rh7 Ra2+ 55. Kb1 b3 56. Rc7 Ra1# {White checkmated} 0-1

[Event "Team 45 45 League T33"]
[Site "Internet Chess Club"]
[Date "2007.05.19"]
[Round "5"]
[White "Queen"]
[Black "Gomer"]
[Result "1-0"]
[WhiteElo "1614"]
[BlackElo "1256"]
[ECO "C44"]
[TimeControl "2700+45"]

1. e4 e5 2. Nf3 Nc6 3. d4 d6 4. dxe5 Nxe5 5. Nxe5 dxe5 6. Qxd8+ Kxd8 7. Bc4 Be6
8. Bxe6 fxe6 9. Bg5+ Be7 10. Bxe7+ Nxe7 11. Nc3 Nc6 12. O-O-O+ Nd4 13. f4 exf4
14. Rxd4+ {Black resigns} 1-0

[Event "Team 45 45 League T33"]
[Site "Internet Chess Club"]
[Date "2007.05.19"]
[Round "5"]
[White "tryanything"]
[Black "AlterEgo"]
[Result "1/2-1/2"]
[WhiteElo "1650"]
[BlackElo "1610"]
[ECO "E92"]
[TimeControl "2700+45"]

1. c4 Nf6 2. Nc3 g6 3. d4 Bg7 4. Nf3 O-O 5. e4 d6 6. Be2 e5 7. d5 Na6 8. a3 Nc5
9. Qc2 Nh5 10. b4 Nd7 11. Be3 Nf4 12. O-O Nxe2+ 13. Qxe2 Nf6 14. h3 Nh5 15. Rac1
Nf4 16. Bxf4 exf4 17. Qd3 Bd7 18. Rfe1 Re8 19. Rc2 Qc8 20. Nh2 f5 21. Qf3 Be5
22. exf5 Bxf5 23. Rce2 Rf8 24. Ne4 Qd7 25. Ng4 Bxg4 26. hxg4 Qg7 27. Ng5 Qf6 28.
Ne6 Rf7 29. g5 Qf5 30. g4 fxg3 31. Qxf5 Rxf5 32. fxg3 Bxg3 33. Rf1 Rxf1+ 34.
Kxf1 c6 35. Kg2 Be5 36. Kf3 cxd5 37. cxd5 Rc8 38. Re3 Kf7 39. Rd3 Ke7 40. Ke4
Rc1 41. Kf3 Rc8 {Game drawn by mutual agreement} 1/2-1/2

[Event "Team 45 45 League T33"]
[Site "Internet Chess Club"]
[Date "2007.05.20"]
[Round "5"]
[White "Lionskins"]
[Black "FiendAngelical"]
[Result "1-0"]
[WhiteElo "1532"]
[BlackElo "1752"]
[ECO "A00"]
[TimeControl "2700+45"]

1. b4 e5 2. Bb2 f6 3. a3 d5 4. e3 Be6 5. Nf3 Nh6 6. h3 a5 7. b5 a4 8. c4 c6 9.
Qc2 Nd7 10. cxd5 cxd5 11. Nc3 Nb6 12. Be2 Bd6 13. Rg1 Qe7 14. g4 Nf7 15. h4 g5
16. Rg2 Nh6 17. hxg5 fxg5 18. Nxg5 Qxg5 19. O-O-O Rc8 20. Kb1 O-O 21. Rdg1 d4
22. Ne4 Qg6 23. g5 Nf7 24. Nf6+ Kh8 25. Qxg6 {Black resigns} 1-0

[Event "Team 45 45 League T33"]
[Site "Internet Chess Club"]
[Date "2007.05.21"]
[Round "5"]
[White "Lazerpawn"]
[Black "chaos-emporor"]
[Result "1-0"]
[WhiteElo "1656"]
[BlackElo "1665"]
[ECO "C00"]
[TimeControl "2700+45"]

1. e4 e6 2. f4 d5 3. exd5 exd5 4. d4 Nf6 5. Nf3 Bd6 6. Bd3 O-O 7. O-O Be6 8. Ne5
c6 9. Nd2 Qc7 10. Ndf3 Nfd7 11. f5 Nxe5 12. dxe5 Bc5+ 13. Kh1 Bc8 14. f6 g6 15.
Bh6 Re8 16. Qd2 Nd7 17. Rae1 Nxe5 18. Ng5 Bd7 19. h3 Nxd3 20. cxd3 Rxe1 21. Qxe1
Re8 22. Qh4 Qe5 23. Bf8 h5 24. Bxc5 Qe2 25. Qf4 Qxd3 26. Be7 Bf5 27. Rf3 Qe2 28.
Ne4 Kh7 29. Nd6 Rxe7 30. fxe7 Qxe7 31. Nxf5 gxf5 32. Qxf5+ Kg7 33. Qxh5 Qe1+ 34.
Kh2 f6 35. Rg3+ Kf8 36. Qh6+ Kf7 37. Qg7+ Ke6 38. Qxb7 Kd6 39. Qxa7 f5 40. Qb8+
Kc5 41. Qf4 Qe4 42. Qf2+ Kd6 43. Re3 Qb4 44. a3 Qb8 45. Qf4+ Kc5 46. Qxb8 d4 47.
Qb4+ Kd5 48. Rf3 Ke4 49. Qe1+ Kd5 50. Rxf5+ Kd6 51. Qe5+ Kd7 52. Rf7+ {Black
resigns} 1-0

[Event "Team 45 45 League T33"]
[Site "Internet Chess Club"]
[Date "2007.05.21"]
[Round "5"]
[White "nanning"]
[Black "Chessadelic"]
[Result "1/2-1/2"]
[WhiteElo "1506"]
[BlackElo "1359"]
[ECO "B93"]
[TimeControl "2700+45"]

1. e4 c5 2. Nf3 d6 3. d4 cxd4 4. Nxd4 Nf6 5. Nc3 a6 6. f4 Nc6 7. a4 e5 8. Nxc6
bxc6 9. fxe5 Ng4 10. exd6 Bxd6 11. h3 Ne5 12. Qh5 O-O 13. Be2 Be6 14. O-O f6 15.
b3 Bf7 16. Qh4 Bc5+ 17. Kh1 Ng6 18. Qe1 Qc7 19. Ba3 Bxa3 20. Rxa3 a5 21. Bf3 Be6
22. Ne2 Qe5 23. Qc3 Rfd8 24. Qxe5 Nxe5 25. Nf4 Bf7 26. Raa1 Nxf3 27. gxf3 Rd2
28. Rac1 Rad8 29. h4 g5 30. hxg5 fxg5 31. Rg1 h6 32. Ng2 Bh5 33. Ne1 Kh7 34. Rf1
Rf8 35. Kg1 Bg6 36. Nd3 g4 {Game drawn by mutual agreement} 1/2-1/2

[Event "Team 45 45 League T33"]
[Site "Internet Chess Club"]
[Date "2007.05.18"]
[Round "5"]
[White "quotha"]
[Black "Avedldesierto"]
[Result "1/2-1/2"]
[WhiteElo "1578"]
[BlackElo "1690"]
[ECO "A52"]
[TimeControl "2700+45"]

1. d4 Nf6 2. c4 e5 3. dxe5 Ng4 4. Nf3 Bc5 5. e3 Nc6 6. b3 Bb4+ 7. Nbd2 Ngxe5 8.
Bb2 Nxf3+ 9. Qxf3 Bxd2+ 10. Kxd2 O-O 11. Bd3 d6 12. Rag1 Ne5 13. Qg3 g6 14. Be4
f6 15. f4 Nf7 16. f5 d5 17. Bxd5 Bxf5 18. Rf1 Kh8 19. Kc1 Nd6 20. Rd1 Qe7 21.
Rhe1 Ne4 22. Qf4 c6 23. Bxe4 Bxe4 24. g3 Kg8 25. Rd4 f5 26. Red1 Rad8 27. Rxd8
Rxd8 28. Rxd8+ Qxd8 29. Qe5 Kf7 30. Qg7+ Ke6 31. Bd4 Qa5 32. Qf6+ Kd7 33. Qf7+
Kc8 34. Qe6+ Kc7 35. Qe7+ Kc8 36. Be5 Qe1+ 37. Kb2 Qd2+ 38. Ka3 Qd7 39. Qc5 b6
40. Qf8+ Kb7 41. Qd6 Qxd6+ 42. Bxd6 b5 43. cxb5 cxb5 44. Kb4 a6 45. Kc5 Bb1 46.
a3 Ba2 47. b4 Bg8 48. Bf4 Bf7 49. Kd6 Kb6 50. Ke7 Bb3 51. Kf6 a5 52. Bd6 axb4
53. axb4 Kc6 54. Bc5 Kd5 55. Kg7 Ke4 56. Kxh7 g5 57. Kg6 g4 {Game drawn by
mutual agreement} 1/2-1/2

[Event "Team 45 45 League T33"]
[Site "Internet Chess Club"]
[Date "2007.05.20"]
[Round "5"]
[White "isolani"]
[Black "pelayo"]
[Result "1-0"]
[WhiteElo "1657"]
[BlackElo "1522"]
[ECO "D38"]
[TimeControl "2700+45"]

1. d4 Nf6 2. Nf3 d5 3. c4 e6 4. Nc3 Bb4 5. e3 Bxc3+ 6. bxc3 O-O 7. Bd3 h6 8. O-O
b6 9. cxd5 exd5 10. Qc2 Re8 11. Ne5 Bb7 12. c4 Nbd7 13. cxd5 Bxd5 14. e4 Bb7 15.
Nc6 Bxc6 16. Qxc6 Nf8 17. Bb2 Qd7 18. Qxd7 N8xd7 19. Rfe1 Rad8 20. f3 a5 21.
Rac1 c5 22. Bb5 Re7 23. dxc5 Nxc5 24. Ba3 Rc7 25. Red1 Rxd1+ 26. Rxd1 Ne6 27.
Rc1 Rxc1+ 28. Bxc1 Nd4 29. a4 Nxb5 30. axb5 a4 31. Kf1 Nd7 32. Ke2 Nc5 33. Ba3
Nb7 34. Kd3 f6 35. Kc4 Kf7 36. Kd5 Ke8 37. Kc6 Na5+ 38. Kxb6 Nc4+ 39. Kc7 Nxa3
40. b6 Nb5+ 41. Kc6 Nd6 42. Kxd6 Kd8 43. b7 {Black resigns} 1-0

[Event "Team 45 45 League T33"]
[Site "Internet Chess Club"]
[Date "2007.05.17"]
[Round "5"]
[White "geewhiz"]
[Black "Morpheous"]
[Result "0-1"]
[WhiteElo "1600"]
[BlackElo "1702"]
[ECO "B06"]
[TimeControl "2700+45"]

1. e4 g6 2. Nf3 Bg7 3. d4 d6 4. Bc4 Nf6 5. Nc3 O-O 6. h3 c5 7. dxc5 Qa5 8. O-O
Qxc5 9. Bb3 Nc6 10. Bg5 b6 11. Bxf6 Bxf6 12. Nd5 Bxb2 13. Nc7 Bxa1 14. Qxa1 Ne5
15. Nxe5 Qxc7 16. Nf3 Bb7 17. Re1 e5 18. Nh2 Kg7 19. Ng4 h5 20. Ne3 Bxe4 21. Nc4
f5 22. f4 Rae8 23. Qb2 Qc5+ 24. Kh1 Kh7 25. fxe5 dxe5 26. Nd2 Qf2 27. Rxe4 fxe4
28. Nxe4 Qf1+ 29. Kh2 Qf4+ 30. Ng3 h4 {White resigns} 0-1

[Event "Team 45 45 League T33"]
[Site "Internet Chess Club"]
[Date "2007.05.21"]
[Round "5"]
[White "Tomate"]
[Black "jacknor"]
[Result "0-1"]
[WhiteElo "1326"]
[BlackElo "1577"]
[ECO "B78"]
[TimeControl "2700+45"]

1. e4 c5 2. Nf3 d6 3. d4 cxd4 4. Nxd4 g6 5. Nc3 Bg7 6. Be3 Nf6 7. f3 Bd7 8. Qd2
O-O 9. O-O-O Nc6 10. Bc4 Ne5 11. Bb3 Qa5 12. Kb1 Rfc8 13. Qe2 Rxc3 14. Bd2 Rxc2
15. Nxc2 Qd8 16. f4 Nc6 17. e5 Bg4 18. Qe3 Bxd1 19. Rxd1 dxe5 20. fxe5 Ng4 21.
Qe2 Ngxe5 22. Bc3 Qc7 23. Ne3 e6 24. h4 Rd8 25. Rc1 Qd6 26. Qb5 Qd3+ 27. Qxd3
Nxd3 28. Rd1 Bxc3 29. bxc3 Nc5 30. Rxd8+ Nxd8 31. Kc2 Nxb3 32. axb3 Kf8 33. Kd3
Ke7 34. Nc4 Nc6 35. b4 f6 36. b5 Ne5+ 37. Nxe5 fxe5 38. Ke4 Kd6 39. Kd3 Kc5 40.
c4 a6 {White resigns} 0-1

[Event "Team 45 45 League T33"]
[Site "Internet Chess Club"]
[Date "2007.05.22"]
[Round "5"]
[White "kostasgr"]
[Black "Ozgur-Bjk"]
[Result "1/2-1/2"]
[WhiteElo "2122"]
[BlackElo "2152"]
[ECO "B90"]
[TimeControl "2700+45"]

1. e4 c5 2. Nf3 d6 3. d4 cxd4 4. Nxd4 Nf6 5. Nc3 a6 6. f3 e5 7. Nb3 Be6 8. Be3
Nc6 9. Qe2 Qc7 10. O-O-O Na5 11. Qf2 Nc4 12. Bxc4 Bxc4 13. g4 Be7 14. h4 b5 15.
h5 Nd7 16. Nd5 Bxd5 17. exd5 O-O-O 18. Rd3 Kb7 19. Rc3 Nc5 20. Nxc5+ dxc5 21.
Bxc5 Rxd5 22. Be3 Qd8 23. f4 exf4 24. Bxf4 Bg5 25. a3 Rf8 26. Kb1 Bxf4 27. Qxf4
Rd1+ 28. Rxd1 Qxd1+ 29. Ka2 Qd5+ 30. b3 Rc8 31. Rxc8 Kxc8 32. h6 gxh6 33. Qxh6
Kb7 34. Qxh7 Qe6 35. Qf5 Qe7 36. g5 Qc7 37. Kb2 Ka7 38. b4 Kb7 39. Qd5+ Kb8 40.
Qc5 Qb7 41. Kb3 Ka8 42. a4 Qf3+ 43. Kb2 Qb7 44. axb5 axb5 45. Kc3 Qf3+ 46. Kb2
Qb7 47. Qd4 Kb8 48. Kb3 Ka8 49. Qd3 Ka7 50. c4 bxc4+ 51. Qxc4 Qf3+ 52. Ka4 Qd1+
53. Kb5 Qd7+ 54. Qc6 Qd3+ 55. Ka5 Qd8+ 56. Kb5 Qxg5+ 57. Qc5+ Qxc5+ 58. Kxc5
{Game drawn by mutual agreement} 1/2-1/2

[Event "Team 45 45 League T33"]
[Site "Internet Chess Club"]
[Date "2007.05.19"]
[Round "5"]
[White "Ser-Enigma"]
[Black "Hazy"]
[Result "1-0"]
[WhiteElo "2094"]
[BlackElo "1895"]
[ECO "C58"]
[TimeControl "2700+45"]

1. e4 e5 2. Nf3 Nc6 3. Bc4 Nf6 4. Ng5 d5 5. exd5 Na5 6. Bb5+ c6 7. dxc6 bxc6 8.
Qf3 Bd7 9. Be2 Bc5 10. d3 O-O 11. h3 Qe7 12. a3 Nb7 13. Nc3 Nd6 14. Nce4 Ndxe4
15. Nxe4 Nxe4 16. dxe4 f5 17. O-O f4 18. b4 Bb6 19. Bb2 Rf6 20. Rfd1 Rg6 21.
Rxd7 Qxd7 22. Bxe5 Re8 23. Bb2 Qe6 24. Bd3 Rg3 25. Qxf4 Qxh3 26. Bf1 Rg4 27. Qd6
Qf3 28. Bd4 Bxd4 29. Qxd4 Qxe4 30. Qd3 Qe5 31. Rd1 Rh4 32. g3 Rh6 33. Qc4+ Kh8
34. Rd4 Qe1 35. Rf4 Rhe6 36. Qc5 h6 37. Qxa7 Qa1 38. Kg2 Re1 39. Qf7 Qe5 40. Bd3
Qd5+ 41. Qxd5 cxd5 42. a4 g5 43. Rf6 R1e6 44. Rxe6 Rxe6 45. a5 Kg7 46. b5 Kf6
47. a6 Ke5 48. a7 Re8 49. b6 {Black resigns} 1-0

[Event "Team 45 45 League T33"]
[Site "Internet Chess Club"]
[Date "2007.05.20"]
[Round "5"]
[White "chiiwen"]
[Black "DeLaSalle"]
[Result "1/2-1/2"]
[WhiteElo "1956"]
[BlackElo "2012"]
[ECO "C10"]
[TimeControl "2700+45"]

1. e4 e6 2. d4 d5 3. Nc3 dxe4 4. Nxe4 Nd7 5. Nf3 Ngf6 6. Nxf6+ Nxf6 7. Bd3 c5 8.
O-O cxd4 9. Nxd4 Bc5 10. Nb3 Bd6 11. Bb5+ Bd7 12. Bxd7+ Qxd7 13. Be3 O-O 14. h3
Qc7 15. Nd4 a6 16. Qe2 Bf4 17. c3 Rad8 18. Rad1 Nd5 19. Bxf4 Nxf4 20. Qf3 e5 21.
Nf5 g6 22. Ne3 b5 23. Nd5 Nxd5 24. Rxd5 Rxd5 25. Qxd5 Rd8 26. Qb3 Kg7 27. Rd1
{Game drawn by mutual agreement} 1/2-1/2

[Event "Team 45 45 League T33"]
[Site "Internet Chess Club"]
[Date "2007.05.20"]
[Round "5"]
[White "siddhu"]
[Black "HoHo"]
[Result "1/2-1/2"]
[WhiteElo "1833"]
[BlackElo "1784"]
[ECO "B22"]
[TimeControl "2700+45"]

1. e4 c5 2. c3 d6 3. d4 cxd4 4. cxd4 Nf6 5. Nc3 Nc6 6. h3 e6 7. Nf3 Be7 8. Bc4
a6 9. a3 Qc7 10. Qe2 b5 11. Ba2 Bb7 12. d5 exd5 13. Nxd5 Nxd5 14. Bxd5 Ne5 15.
Bxb7 Qxb7 16. Nxe5 dxe5 17. O-O O-O 18. Bd2 Rac8 19. Rac1 h6 20. f3 Rxc1 21.
Rxc1 Rc8 22. Rxc8+ Qxc8 23. Qd3 Bc5+ 24. Be3 Bxe3+ 25. Qxe3 Qc2 26. Qc3 Qxc3 27.
bxc3 Kf8 28. Kf2 Ke7 29. Ke3 Kd6 30. g3 Kc5 31. Kd3 f6 32. f4 g6 33. h4 exf4 34.
gxf4 a5 35. Ke3 g5 36. Kf3 gxf4 37. Kxf4 Kc4 38. Kf5 Kd3 39. Kxf6 Kxe4 40. Kg6
Kd3 41. Kxh6 Kxc3 42. Kg6 b4 43. axb4 axb4 44. h5 b3 45. h6 b2 46. h7 b1=Q+ 47.
Kg7 Qb7+ 48. Kh8 Kd4 49. Kg8 Qc8+ 50. Kg7 Qd7+ 51. Kg8 Qe8+ 52. Kg7 Qe5+ 53. Kg8
Qg5+ 54. Kh8 Qh6 55. Kg8 Qg6+ 56. Kh8 Qe8+ 57. Kg7 Qe7+ 58. Kg8 Kd5 59. h8=Q Ke6
60. Qh6+ Kf5 61. Qf8+ Qxf8+ 62. Kxf8 {Game drawn because neither player has
mating material} 1/2-1/2

[Event "Team 45 45 League T33"]
[Site "Internet Chess Club"]
[Date "2007.05.19"]
[Round "5"]
[White "Zebbile"]
[Black "Terte"]
[Result "1-0"]
[WhiteElo "2097"]
[BlackElo "2002"]
[ECO "A40"]
[TimeControl "2700+45"]

1. d4 g6 2. e4 Bg7 3. Nc3 d6 4. Be3 Nc6 5. f4 Nf6 6. Nf3 O-O 7. Qd2 Ng4 8. Bg1
e5 9. d5 Ne7 10. h3 Nh6 11. fxe5 dxe5 12. Be3 Nhf5 13. exf5 Nxf5 14. O-O-O Nxe3
15. Qxe3 f5 16. Bc4 e4 17. Nd4 Qh4 18. Kb1 Kh8 19. Ne6 Bxe6 20. dxe6 Qf6 21. g4
b5 22. Bb3 a5 23. Rd7 a4 24. Bd5 Rac8 25. e7 Rfe8 26. g5 Qe5 27. Bb7 Rb8 28. Qa7
c5 29. Rhd1 e3 30. Qxb8 Qxb8 31. Rd8 Bxc3 32. Rxb8 Rxb8 33. Rd8+ Kg7 34. e8=Q
Rxd8 35. Qxd8 {Black resigns} 1-0

[Event "Team 45 45 League T33"]
[Site "Internet Chess Club"]
[Date "2007.05.20"]
[Round "5"]
[White "andreip"]
[Black "hewdondada"]
[Result "1-0"]
[WhiteElo "1991"]
[BlackElo "1838"]
[ECO "A11"]
[TimeControl "2700+45"]

1. c4 c6 2. Nc3 d5 3. cxd5 cxd5 4. d4 Nf6 5. Bf4 Nc6 6. e3 Bf5 7. Bd3 Bxd3 8.
Qxd3 e6 9. a3 Bd6 10. Bxd6 Qxd6 11. f4 O-O 12. Nf3 Rac8 13. O-O a6 14. Ne5 Ne8
15. g4 f6 16. Nf3 f5 17. h3 Qe7 18. Kg2 Nd6 19. Ne5 Nxe5 20. dxe5 Ne4 21. Nxe4
dxe4 22. Qb3 Kh8 23. Rac1 Rfe8 24. gxf5 exf5 25. Rxc8 Rxc8 26. Rd1 g6 27. e6 Rd8
28. Qxb7 Qe8 29. Rxd8 Qxd8 30. Qd7 Qa5 31. e7 Kg7 32. e8=Q+ Kh6 33. Qf8+ Kh5 34.
Qxh7# {Black checkmated} 1-0

[Event "Team 45 45 League T33"]
[Site "Internet Chess Club"]
[Date "2007.05.20"]
[Round "5"]
[White "primerpaso"]
[Black "gezira"]
[Result "1-0"]
[WhiteElo "1893"]
[BlackElo "1841"]
[ECO "A16"]
[TimeControl "2700+45"]

1. c4 Nf6 2. Nc3 g6 3. g3 Bg7 4. Bg2 O-O 5. e4 d6 6. d4 e5 7. Nge2 Nc6 8. O-O
Bg4 9. f3 Bd7 10. Be3 Nh5 11. d5 Ne7 12. c5 f5 13. Qb3 b6 14. cxd6 cxd6 15. Rac1
f4 16. gxf4 Nxf4 17. Nxf4 exf4 18. Bf2 g5 19. Nb5 Bxb5 20. Qxb5 Ng6 21. Be1 Bd4+
22. Bf2 Be5 23. Qe2 Qf6 24. Rc2 h5 25. Be1 Kh7 26. Rc7+ Rf7 27. Rxf7+ Qxf7 28.
Bh3 Qf6 29. b3 Rg8 30. Kh1 Ne7 31. Rg1 Kh6 32. Bd2 Bd4 33. Rg2 Ng6 34. Qd3 Nh4
35. Be6 Rg7 36. Re2 g4 37. fxg4 hxg4 38. Be1 Be5 39. Bd2 Kh5 40. Rf2 g3 41. hxg3
Rxg3 42. Qxg3 fxg3 43. Rxf6 Bxf6 44. Be3 Be5 45. Bh3 Nf3 46. Kg2 Ne1+ 47. Kf1
Nc2 48. Bd2 Kh4 49. Bd7 Bd4 50. Kg2 Be3 51. Bc3 Bf2 52. Bf6+ Kh5 53. Bh3 Ne3+
54. Kf3 Nc2 55. Bg4+ Kg6 56. Be7 Nd4+ 57. Kg2 Nb5 58. Bd7 Nc3 59. Bf5+ Kf7 60.
Bxd6 Nxa2 61. e5 Nc3 62. e6+ Kf6 63. e7 Nxd5 64. e8=Q Ne3+ 65. Kf3 Nxf5 66. Be5+
Kg5 67. Qg8+ Kh5 68. Qg4+ Kh6 69. Qxf5 Be3 70. Kg4 {Black resigns} 1-0